 Dungeon Crawl Stone Soup version 0.30-a0-860-g512cf1e979 (webtiles) character file.

Game seed: 14159938513848344998

586 bande the Covered (level 7, -1/44 HPs)
             Began as a Gargoyle Fighter on Mar 8, 2023.
             Slain by Pikel
             ... wielding a +1 whip of electrocution
              (7 damage)
             ... on level 4 of the Dungeon.
             The game lasted 00:06:08 (3511 turns).

bande the Covered (Gargoyle Fighter)                Turns: 3511, Time: 00:06:08

Health: -1/44      AC: 21    Str: 20    XL:     7   Next: 37%
Magic:  0/7        EV:  5    Int:  8    God:
Gold:   111        SH:  4    Dex: 11    Spells: 6/6 levels left

rFire   . . .      SeeInvis .    a - +1 war axe
rCold   . . .      Faith    .    c - +0 buckler
rNeg    + . .      Spirit   +    m - +0 plate armour
rPois   ∞          Reflect  .    o - +0 helmet
rElec   +          Rampage  .    (no cloak)
rCorr   .                        (no gloves)
Will    .....                    f - +2 pair of boots Stlth
                                 i - amulet of guardian spirit
HPRegen 0.27/turn                (no ring)
MPRegen 0.10/turn                (no ring)

@: no status effects
A: sickness immunity, AC +4, negative energy resistance 1, electricity
resistance, torment resistance 1, petrification resistance
a: no special abilities


You were on level 4 of the Dungeon.
You visited 1 branch of the dungeon, and saw 4 of its levels.

You collected 111 gold pieces.

Inventory:

Hand Weapons
 a - a +1 war axe (weapon)
 n - a +0 war axe
 t - a +2 hand axe of flaming
Armour
 c - a +0 buckler (worn)
 f - a +2 pair of boots (worn)
 m - a +0 plate armour (worn)
 o - a +0 helmet (worn)
Jewellery
 i - an amulet of guardian spirit (around neck)
Wands
 q - a wand of iceblast (3)
Scrolls
 h - a scroll of enchant weapon
 p - a scroll of enchant armour
 r - a scroll of teleportation
Potions
 b - a potion of resistance
 d - 2 potions of might
 e - a potion of invisibility
 g - 2 potions of haste
 j - 2 potions of heal wounds
 k - a potion of curing
 l - a potion of mutation


   Skills:
 + Level 4.8 Fighting
 + Level 4.8 Axes
 + Level 5.7 Armour
 + Level 4.2 Shields


You had 6 spell levels left.
You didn't know any spells.
Your spell library contained the following spells:

 Spells                   Type           Power      Damage    Failure   Level
 Ignite Poison            Fire/Tmut/Pois 0%         N/A       100%        3
 Kindle Blastsparks       Fire/Tloc/Air  0%         2d10      100%        3
 Freezing Cloud           Conj/Ice/Air   0%         6-21      100%        5


Dungeon Overview and Level Annotations

Branches:
Dungeon (4/15)
 Temple: D:4-7

Altars:

Annotations:
D:4 Pikel


Innate Abilities, Weirdness & Mutations

You are immune to sickness and miasma.
Your stone body is resilient. (AC +4)
You are immune to poison.
You resist negative energy. (rN+)
You are resistant to electric shocks. (rElec)
You are resistant to unholy torment.
You are immune to petrification.


Message History

You hit the lemure but do no damage.
The lemure hits you but does no damage. x2
Pikel barely misses you. The kobold hits you but does no damage.
The kobold hits you with a +1 dagger of holy wrath.
You block Pikel's attack.
The lemure hits you but does no damage. x2
You closely miss Pikel.
Pikel is heavily wounded.
You slash the kobold!
You kill the kobold!
You completely miss the lemure. You miss the lemure.
The lemure barely misses you. x2
Pikel hits you with a +1 whip of electrocution.
You hit Pikel.
Pikel is heavily wounded.
You miss the lemure. You closely miss the lemure.
The lemure hits you but does no damage. The lemure hits you!
Pikel hits you but does no damage.
You hit Pikel but do no damage.
Pikel is heavily wounded.
You closely miss the lemure. You slash the lemure! The lemure hits you.
* * * LOW HITPOINT WARNING * * *
The lemure hits you but does no damage. Pikel barely misses you. x2
The lemure hits you but does no damage. x2
Unknown command.
You hit Pikel.
Pikel is heavily wounded.
You closely miss the lemure. x2; The lemure barely misses you.
The lemure hits you but does no damage. Pikel hits you but does no damage.
You slash Pikel!
Pikel is almost dead.
You hit the lemure. x2; The lemure hits you but does no damage. x2
Pikel hits you with a +1 whip of electrocution.
* * * LOW HITPOINT WARNING * * *
You hit Pikel but do no damage.
Pikel is almost dead.
You barely miss the lemure. You slash the lemure!
The lemure hits you but does no damage. x2
Pikel hits you with a +1 whip of electrocution!
* * * LOW HITPOINT WARNING * * *
Pikel hits you with a +1 whip of electrocution!
You die...

..# #..##......##................
..###.......#..#.......#...##....
.##.................#..#.........
.##..#.......#.....##..#.........
†....###.........###. ...........
.####..............# #..........#
...................# #..#....#..#
...<.......###.5..## . ####.#.##
..........## #.)@..# ##....
......##.......5K?.# ###..
##..### ...........# # #....
##### ......?...#[#. ##.... .##
...............####..... ..#
......#....# #..........
.........#..##.##.#....#
.....#...##......##.##.#
#.....)...##..


You could see Pikel and 2 lemures.

Vanquished Creatures
  Grinder (D:3)
  2 lemures (D:4)
  A phantom (D:3)
  A hound (D:4)
  2 orc priests
  Ijyb (D:3)
  2 orc wizards
  8 adders
  3 worms
  2 dart slugs
  16 orcs
  6 ball pythons
  7 bats
  4 endoplasms
  2 giant cockroaches
  A goblin (D:1)
  4 hobgoblins
  2 jackals (D:2)
  2 quokkas
  3 frilled lizards
  8 kobolds
  3 rats
81 creatures vanquished.

Vanquished Creatures (others)
  A plant (D:2)
1 creature vanquished.

Grand Total: 82 creatures vanquished

Notes
Turn   | Place    | Note
-------+----------+-------------------------------------------
     0 | D:1      | bande the Gargoyle Fighter began the quest for the Orb.
     0 | D:1      | Reached XP level 1. HP: 14/14 MP: 1/1
   456 | D:1      | Found a faded altar of an unknown god.
   502 | D:1      | You fall into a shaft and drop 1 floor!
   515 | D:1      | Reached XP level 2. HP: 16/19 MP: 2/2
  1102 | D:2      | Reached skill level 4 in Armour
  1102 | D:2      | Reached XP level 3. HP: 23/23 MP: 3/3
  1456 | D:2      | Reached XP level 4. HP: 29/29 MP: 4/4
  1940 | D:3      | Noticed Ijyb
  1945 | D:3      | Killed Ijyb
  1946 | D:3      | Reached XP level 5. HP: 29/33 MP: 5/5
  2467 | D:3      | Noticed Grinder
  2497 | D:3      | Paralysed by Grinder for 2 turns
  2502 | D:3      | Paralysed by Grinder for 4 turns
  2510 | D:3      | Killed Grinder
  2511 | D:3      | Reached skill level 5 in Armour
  2511 | D:3      | Reached XP level 6. HP: 17/39 MP: 2/6
  2877 | D:4      | Noticed Pikel
  2891 | D:3      | Reached XP level 7. HP: 43/44 MP: 5/7
  3511 | D:4      | Slain by Pikel

Illustrated notes

Levels and vault maps discovered:
D:1:      minmay_arrival_stair_chambers, layout_basic,
          ebering_ecumenical_altar_mist, minmay_pentomino_s4
D:2:      layout_rooms, corexii_shack, minmay_quadrilaterals
D:3:      layout_basic, uniq_grinder, uniq_ijyb
D:4:      layout_cave_pools, lexackson_kobold_supper, uniq_duvessa, uniq_pikel,
          uniq_edmund

Skill      XL: |  1  2  3  4  5 |
---------------+----------------+-----
Axes           | 2 3 4 |  4.8
Armour         | 4 5 |  5.7
Fighting       | 4 |  4.8
Shields        | 4 |  4.2

Action                     |  1- 3 |  4- 6 |  7- 9 || total
---------------------------+-------+-------+-------++-------
  Melee: War axe           |    92 |   118 |    67 ||   277
    Use: Scroll            |     6 |     8 |       ||    14
 Armour: Chain mail        |    40 |       |       ||    40
         Plate armour      |    21 |    98 |   125 ||   244
  Dodge: Dodged            |    38 |    22 |    42 ||   102
  Block: Buckler           |    16 |    21 |    31 ||    68

Table legend: (Time is in decaauts)
 A = Elapsed time spent in this place.
 B = Non-inter-level travel time spent in this place.
 C = Inter-level travel time spent in this place.
 D = Time resting spent in this place.
 E = Time spent auto-exploring this place.
 F = Levels seen in this place.
 G = Mean time per level.
                   A        B        C        D        E       F      G
               +--------+--------+--------+--------+--------+-----+--------+
         Total |   3622 |   3615 |      7 |    828 |   1874 |   4 |  905.5 |
       Dungeon |   3622 |   3615 |      7 |    828 |   1874 |   4 |  905.5 |
               +--------+--------+--------+--------+--------+-----+--------+

Top non-repeatable levels by time:
     D:3: 1657 daAuts
     D:1: 1101 daAuts
     D:2: 575 daAuts
     D:4: 287 daAuts
